 Dungeon Crawl Stone Soup version 0.21.0-3-g78d12a8bdd (webtiles) character file.

24765 Peloso the Carver (level 12, -2/110 HPs)
             Began as a Minotaur Fighter on Jan 13, 2018.
             Was the Champion of Okawaru.
             Slain by a yaktaur captain
             ... wielding a +2 scimitar of slicing
              (32 damage)
             ... on level 12 of the Dungeon.
             The game lasted 00:34:29 (11317 turns).

Peloso the Carver (Minotaur Fighter)               Turns: 11317, Time: 00:34:29

Health: -2/110     AC: 15    Str: 23    XL:     12   Next: 83%
Magic:  12/12      EV: 13    Int:  5    God:    Okawaru [******]
Gold:   854        SH:  6    Dex:  9    Spells: 11/11 levels left

rFire    x . .     SeeInvis .   N - +1 triple sword of Peloso's True Grit {venom, rC+ rN+}
rCold    + + +     Gourm    .   (shield currently unavailable)
rNeg     + + +     Faith    .   L - +1 ice dragon scales
rPois    +         Spirit   .   (helmet restricted)
rElec    .         Reflect  +   (no cloak)
rCorr    .         Harm     .   (no gloves)
MR       ++...                  n - +0 pair of boots
Stlth    ..........             Q - amulet "Impomor" {Reflect rPois rN++ MR+ Dex-4 SH+6}
HPRegen  0.28/turn              D - ring of flight
MPRegen  0.13/turn              z - ring of protection from magic

@: no status effects
A: retaliatory headbutt, horns 2
a: Heroism, Finesse, Renounce Religion, Evoke Flight


You were on level 12 of the Dungeon.
You worshipped Okawaru.
Okawaru was exalted by your worship.
You were hungry.

You visited 2 branches of the dungeon, and saw 13 of its levels.
You also visited: Bailey.

You collected 854 gold pieces.

Inventory:

Hand Weapons
 a - a +4 long sword of protection
 H - a +4 battleaxe
 J - a +3 spear
 M - a +0 long sword of freezing
 N - the +1 triple sword of Peloso's True Grit (weapon) {venom, rC+ rN+}
   (Okawaru gifted it to you on level 13 of the Dungeon)

   It poisons the flesh of those it strikes.
   It protects you from cold.
   It protects you from negative energy.
Armour
 b - a +3 scale mail
 c - a +0 shield
 n - a +0 pair of boots (worn)
 L - +1 ice dragon scales (worn)
Jewellery
 o - an uncursed amulet of regeneration
 x - an uncursed ring of ice
 z - a ring of protection from magic (right hand)
 D - a ring of flight (left hand)
 E - an uncursed amulet of the gourmand
 G - the ring of Fiorupta {Ice rN+}
   (You found it on level 9 of the Dungeon)

   [ring of ice]

   It enhances your ice magic.
   It makes you vulnerable to fire.
   It protects you from cold.
   It protects you from negative energy.
 K - an uncursed ring of wizardry
 Q - the amulet "Impomor" (around neck) {Reflect rPois rN++ MR+ Dex-4 SH+6}
   (You took it off a yaktaur captain on level 12 of the Dungeon)

   [amulet of reflection]

   It shields you and reflects attacks.
   It affects your dexterity (-4).
   It protects you from poison.
   It greatly protects you from negative energy.
   It affects your resistance to hostile enchantments.
   It affects your SH (+6).
Wands
 m - a wand of digging (7)
 p - a wand of enslavement (13)
 B - a wand of random effects (28)
 F - a wand of polymorph (18)
Scrolls
 d - 2 scrolls of fog
 e - a scroll of silence {unknown}
 h - 9 scrolls of remove curse
 i - 2 scrolls of amnesia
 k - a scroll of identify
 l - 2 scrolls of magic mapping
 s - 4 scrolls of fear {unknown}
 t - a scroll of enchant weapon {unknown}
 u - 2 scrolls of immolation {unknown}
 w - 6 scrolls of teleportation {unknown}
Potions
 g - 2 potions of invisibility
 j - 2 potions of mutation
 q - 3 potions of resistance
 r - a potion of flight
 v - a potion of berserk rage {unknown}
 C - 10 potions of degeneration
 I - a potion of heal wounds {unknown}
 P - a potion of might
 R - a potion of ambrosia {unknown}
Books
 y - a book of Air

   Spells                             Type                      Level
   a - Shock                          Conjuration/Air              1
   b - Swiftness                      Charms/Air                   2
   c - Static Discharge               Conjuration/Air              3
   d - Airstrike                      Air                          4
   e - Lightning Bolt                 Conjuration/Air              5
 A - a book of Callings

   Spells                             Type                      Level
   a - Summon Small Mammal            Summoning                    1
   b - Call Imp                       Summoning                    2
   c - Call Canine Familiar           Summoning                    3
   d - Summon Guardian Golem          Hexes/Summoning              3
   e - Summon Lightning Spire         Summoning/Air                4
   f - Summon Ice Beast               Ice/Summoning                4
Comestibles
 f - 14 rations


   Skills:
 + Level 11.1 Fighting
 + Level 14.8 Long Blades
 + Level 10.5 Armour
 + Level 7.2 Dodging
 + Level 1.9 Stealth
 + Level 12.7 Shields
 + Level 1.6 Invocations
 + Level 1.9 Evocations


You had 11 spell levels left.
You didn't know any spells.

Dungeon Overview and Level Annotations

Branches:
Dungeon (13/15)            Temple (1/1) D:4            Lair (0/6) D:10
    Orc (0/2) D:9
 Vaults: D:13-14

Altars:
Ashenzari
Cheibriados
Dithmenos
Elyvilon
Makhleb
Nemelex Xobeh
Okawaru
Qazlal
Ru
Sif Muna
Trog
Uskayaw
Xom
Yredelemnul
Zin
The Shining One


Innate Abilities, Weirdness & Mutations

You reflexively headbutt those who attack you in melee.
You have a pair of horns on your head.


Message History

The yaktaur captain wields an arbalest.
The yaktaur captain shoots a bolt.
The bolt hits you!!
You see here a bolt.
The yaktaur captain shoots a bolt.
The bolt hits you!!
The yaktaur captain shoots a bolt.
The bolt barely misses you.
The yaktaur captain shoots a bolt.
The bolt hits you!
You see here a bolt.
The yaktaur captain unwields an uncursed arbalest.
The yaktaur captain wields an uncursed scimitar of slicing.
The yaktaur captain hits you but does no damage.
You barely miss the yaktaur captain.
The yaktaur captain hits you with an uncursed scimitar of slicing!!
* * * LOW HITPOINT WARNING * * *
x2 You slice the yaktaur captain!!
The yaktaur captain is moderately wounded.
You block the yaktaur captain's attack.
You slash the yaktaur captain!
The yaktaur captain is heavily wounded.
The yaktaur captain hits you with an uncursed scimitar of slicing!!
You die...

#.# #.#
#.#
######.#
#......#
#......#
#.....c#
#.....@##
#.....(.#
#.......#
#..
#.......#
#..
#.......#
#..
#.......#
#..###
#.....(.#
#.....
#.......#
.####.....
######..#
..........


You could see a yaktaur captain.

Vanquished Creatures
  A yaktaur captain (D:12)
  A death knight (D:13)
  2 centaur warriors (D:13)
  2 two-headed ogres
  7 skeletal warriors
  3 unseen horrors
  A phantasmal warrior (D:12)
  3 orc knights (Bailey)
  An ugly thing (D:12)
  A deep elf mage (D:12)
  A cyclops (D:12)
  A manticore (D:13)
  A kobold demonologist (D:13)
  5 slime creatures
  Sigmund (D:3)
  6 fire elementals (D:13)
  15 yaks
  A hungry ghost (D:9)
  3 vampire mosquitoes (D:12)
  A warg (D:10)
  Menkaure (D:6)
  Edmund (D:5)
  A soldier ant (D:13)
  2 hell hounds (D:13)
  A sky beast (D:5)
  A swamp drake (D:9)
  12 orc warriors
  A black bear (D:6)
  8 ice beasts (D:13)
  4 eyes of draining
  A necrophage (D:4)
  4 phantoms
  2 centaurs
  3 ogres
  A crocodile (D:12)
  A big kobold (D:8)
  7 bullfrogs
  4 scorpions
  A water moccasin skeleton (D:9)
  3 killer bees (D:8)
  4 spriggan skeletons (D:12)
  A troll skeleton (D:12)
  8 wights
  5 howler monkeys
  3 crimson imps
  A quasit (D:9)
  A bullfrog zombie (D:12)
  6 hounds
  12 orc priests
  A bullfrog skeleton (D:12)
  4 jellies
  11 orc wizards
  2 centaur skeletons
  Jessica (D:2)
  Ijyb (D:4)
  4 iguanas
  9 worker ants
  A killer bee zombie (D:5)
  2 worker ant zombies (D:5)
  A howler monkey skeleton (D:5)
  8 adders
  2 oozes
  2 dart slugs
  6 leopard geckos
  63 orcs
  2 ball pythons
  8 giant cockroaches
  14 goblins
  4 hobgoblins
  18 jackals
  9 kobolds
  A quokka (D:6)
  10 bats
  7 frilled lizards
  A giant cockroach zombie (D:6)
  A leopard gecko zombie (D:8)
  5 rats (D:1)
  A spectral orc (D:2)
356 creatures vanquished.

Vanquished Creatures (others)
  3 wights (D:10)
3 creatures vanquished.

Grand Total: 359 creatures vanquished

Notes
Turn   | Place    | Note
-------+----------+-------------------------------------------
     0 | D:1      | Peloso the Minotaur Fighter began the quest for the Orb.
     0 | D:1      | Reached XP level 1. HP: 19/19 MP: 0/0
   135 | D:1      | Reached XP level 2. HP: 27/27 MP: 1/1
   264 | D:1      | Reached XP level 3. HP: 29/33 MP: 2/2
   747 | D:2      | Reached skill level 1 in Stealth
   747 | D:2      | Reached XP level 4. HP: 26/40 MP: 3/3
   995 | D:2      | Reached skill level 3 in Long Blades
  1059 | D:2      | Reached skill level 1 in Dodging
  1083 | D:2      | Found a sparkling altar of Nemelex Xobeh.
  1083 | D:2      | Noticed Jessica
  1094 | D:2      | Killed Jessica
  1094 | D:2      | Reached XP level 5. HP: 35/47 MP: 4/4
  1158 | D:2      | Found a basalt altar of Yredelemnul.
  1262 | D:2      | Found a deep blue altar of Sif Muna.
  1265 | D:2      | Found a stormy altar of Qazlal.
  1268 | D:2      | Found a sparkling altar of Nemelex Xobeh.
  1778 | D:3      | Noticed Sigmund
  1786 | D:3      | Killed Sigmund
  1786 | D:3      | Reached skill level 4 in Long Blades
  1786 | D:3      | Reached skill level 5 in Armour
  1786 | D:3      | Reached skill level 5 in Shields
  1786 | D:3      | Reached XP level 6. HP: 41/53 MP: 5/5
  2304 | D:3      | Reached skill level 5 in Long Blades
  2375 | D:3      | Found a bloodstained altar of Trog.
  2382 | D:3      | Reached skill level 5 in Fighting
  2382 | D:3      | Reached XP level 7. HP: 61/61 MP: 0/6
  2526 | D:4      | Reached skill level 6 in Long Blades
  2586 | D:4      | Found a staircase to the Ecumenical Temple.
  3000 | D:4      | Noticed an angel
  3001 | D:4      | Found a glowing silver altar of Zin.
  3012 | D:4      | Noticed Ijyb
  3034 | D:4      | Killed Ijyb
  3532 | Temple   | Entered the Ecumenical Temple
  3541 | Temple   | Became a worshipper of Warmaster Okawaru
  3588 | D:5      | Entered Level 5 of the Dungeon
  3601 | D:5      | Found a hide-covered altar of Uskayaw.
  3613 | D:5      | Reached skill level 7 in Long Blades
  3613 | D:5      | Reached XP level 8. HP: 50/68 MP: 7/7
  3647 | D:5      | Noticed a dagger
  3648 | D:5      | Noticed an enchanted hand axe
  3689 | D:5      | Noticed Edmund
  3706 | D:5      | Killed Edmund
  3923 | D:5      | Reached skill level 8 in Long Blades
  4225 | D:6      | Reached * piety under Okawaru
  4558 | D:6      | Reached XP level 9. HP: 78/78 MP: 5/8
  4857 | D:6      | Noticed Menkaure
  4866 | D:6      | Killed Menkaure
  4866 | D:6      | Reached ** piety under Okawaru
  4866 | D:6      | Reached skill level 9 in Long Blades
  6079 | D:8      | Reached skill level 10 in Long Blades
  6288 | D:8      | Reached *** piety under Okawaru
  6825 | D:9      | Noticed a two-headed ogre
  6830 | D:9      | Killed a two-headed ogre
  6830 | D:9      | Reached **** piety under Okawaru
  6830 | D:9      | Reached XP level 10. HP: 72/86 MP: 9/9
  6887 | D:9      | Found a staircase to the Orcish Mines.
  7357 | D:9      | Reached skill level 11 in Long Blades
  7522 | D:9      | Got a bound bone ring
  7602 | D:9      | Identified the ring of Fiorupta {Ice rN+} (You found it on level 9 of the Dungeon)
  7605 | D:9      | Reached skill level 10 in Shields
  7641 | D:10     | Entered Level 10 of the Dungeon
  7721 | D:10     | Found a staircase to the Lair.
  8015 | D:10     | Reached skill level 12 in Long Blades
  8019 | D:10     | Reached ***** piety under Okawaru
  8039 | D:10     | You fall through a shaft for 3 floors!
  8147 | D:13     | Found a flagged portal.
  8201 | Bailey   | Entered a bailey
  8266 | Bailey   | Noticed an orc knight
  8322 | Bailey   | Received a gift from Okawaru
  8374 | Bailey   | Reached skill level 5 in Dodging
  8444 | Bailey   | Noticed an orc knight
  8478 | Bailey   | Killed an orc knight
  8478 | Bailey   | Reached XP level 11. HP: 76/95 MP: 8/10
  8604 | Bailey   | Noticed an orc knight
  8640 | Bailey   | Killed an orc knight
  8640 | Bailey   | Received a gift from Okawaru
  9028 | Bailey   | Killed an orc knight
  9164 | D:13     | Noticed a centaur warrior
  9174 | D:13     | Killed a centaur warrior
  9192 | D:13     | Noticed a two-headed ogre
  9202 | D:13     | Killed a two-headed ogre
  9202 | D:13     | Reached skill level 1 in Evocations
  9302 | D:13     | Noticed a skeletal warrior
  9302 | D:13     | Noticed a skeletal warrior
  9302 | D:13     | Noticed a skeletal warrior
  9302 | D:13     | Noticed a skeletal warrior
  9302 | D:13     | Noticed a skeletal warrior
  9330 | D:13     | Killed a skeletal warrior
  9345 | D:12     | Killed a skeletal warrior
  9345 | D:12     | Reached skill level 1 in Invocations
  9481 | D:12     | Killed a skeletal warrior
  9500 | D:12     | Killed a skeletal warrior
  9500 | D:12     | Received a gift from Okawaru
  9532 | D:12     | Noticed a cyan ugly thing
  9550 | D:12     | Killed a cyan ugly thing
  9550 | D:12     | Reached skill level 13 in Long Blades
  9731 | D:13     | Killed a skeletal warrior
  9731 | D:13     | Reached skill level 10 in Fighting
  9761 | D:13     | Noticed a death knight
  9761 | D:13     | Noticed a skeletal warrior
  9761 | D:13     | Noticed a phantasmal warrior
  9761 | D:13     | Noticed a skeletal warrior
  9775 | D:13     | Killed a death knight
  9890 | D:12     | Killed a phantasmal warrior
  9890 | D:12     | Reached XP level 12. HP: 95/106 MP: 9/12
 10136 | D:13     | Reached ****** piety under Okawaru
 10150 | D:13     | Received a gift from Okawaru
 10158 | D:13     | Got a pitted triple sword {god gift}
 10343 | D:13     | Noticed a centaur warrior
 10351 | D:13     | Killed a centaur warrior
 10671 | D:13     | Reached skill level 10 in Armour
 10677 | D:13     | Identified the +1 triple sword of Peloso's True Grit {venom, rC+ rN+} (Okawaru gifted it to you on level 13 of the Dungeon)
 10781 | D:13     | Reached skill level 14 in Long Blades
 10969 | D:12     | Noticed a yaktaur captain
 10979 | D:12     | Killed a yaktaur captain
 10981 | D:12     | Got a fine jade amulet
 11139 | D:12     | Received a gift from Okawaru
 11251 | D:12     | Identified the amulet "Impomor" {Reflect rPois rN++ MR+ Dex-4 SH+6} (You took it off a yaktaur captain on level 12 of the Dungeon)
 11308 | D:12     | Noticed a yaktaur captain
 11317 | D:12     | Slain by a yaktaur captain

Skill      XL: |  1  2  3  4  5  6  7  8  9 10 11 12 |
---------------+-------------------------------------+-----
Fighting       | 4 5 6 7 8 10 11 | 11.1
Armour         | 4 5 6 7 8 9 10 | 10.5
Shields        | 4 5 6 7 9 10 12 | 12.7
Stealth        | 1 |  1.9
Long Blades    | 3 4 5 7 8 10 12 13 14 | 14.8
Dodging        | 1 2 3 4 5 6 7 |  7.2
Evocations     | 1 |  1.9
Invocations    | 1 |  1.6

Action                   |  1- 3 |  4- 6 |  7- 9 | 10-12 || total
-------------------------+-------+-------+-------+-------++-------
Melee: Long sword        |    97 |   126 |   405 |   665 ||  1293
       Headbutt          |    15 |    16 |    95 |   212 ||   338
       Triple sword      |       |       |       |    81 ||    81
Invok: Heroism           |       |       |     2 |    16 ||    18
 Abil: Evoke Flight      |       |       |       |     2 ||     2
Evoke: Wand              |       |       |       |    10 ||    10
  Use: Potion            |       |     1 |       |       ||     1
       Scroll            |       |       |     7 |     2 ||     9
  Eat: Chunk             |       |     5 |    11 |    14 ||    30
       Ration            |       |       |     1 |     1 ||     2
Armor: Scale mail        |    57 |    74 |   134 |   103 ||   368
       Ice dragon scales |       |       |       |   134 ||   134
Dodge: Dodged            |    42 |    39 |   141 |   263 ||   485
Block: Shield            |    87 |    69 |   218 |   368 ||   742
       Other             |       |       |       |     2 ||     2
       Rpst.: Long sword |    12 |     9 |    41 |    51 ||   113
       Triple sword      |       |       |       |    16 ||    16
